AoeStats
← weiln

QS Arena

503601301Analyzed
4v4 RM · 1mo ago on Sep 1, 2026· 52m 20s· 8 players
Game mode
Random Map
Map size
Large (8 player)
Population
200
Speed
Normal
Resources
Standard
Victory
Conquest
Starting age
Dark Age
Ending age
Imperial Age
RankedLock teamsTeams togetherTeam positionsShared explorationLock speedFull tech treeHidden civsTurbo modeCheats
Victory
Defeat
🇨🇳 Armenians · China
1278
+11
🇸🇬 Burgundians · Singapore
1227
+14
🇺🇸 Vietnamese · United States
1145
+17
1143
+17
🇮🇳 Turks · India
1211
-17
🇵🇪 Bohemians · Peru
1175
-15
🇨🇳 Burgundians · China
1169
-15
🇲🇽 Hindustanis · Mexico
1138
-13
Aczino
8:31 Feudal Age
12:41 Castle Age
12:03 Double-Bit Axe
12:13 Horse Collar
18:06 Bow Saw
18:40 Heavy Plow
25:40 Imperial Age
22:56 Loom
24:49 Wheelbarrow
24:26 Gold Mining
25:03 Scale Barding Armor
25:08 Forging
26:16 Chain Barding Armor
25:59 Husbandry
26:11 Bloodlines
27:17 Iron Casting
27:25 Gold Shaft Mining
26:41 Town Watch
27:33 Hand Cart
26:49 Heavy Camel Rider
28:36 Two-Man Saw
28:08 Stone Mining
27:59 Light Cavalry
29:20 Redemption
32:40 Chemistry
31:51 Imperial Camel Rider
35:11 Plate Barding Armor
35:36 Blast Furnace
34:38 Hussar
37:21 Ballistics
42:52 Herbal Medicine
48:27 Padded Archer Armor
48:18 Fletching
weiln
1:51 Double-Bit Axe
3:52 Horse Collar
8:22 Feudal Age
12:14 Castle Age
10:53 Bow Saw
10:55 Heavy Plow
14:29 Two-Man Saw
14:07 Loom
18:14 Wheelbarrow
20:00 Hand Cart
21:34 Town Watch
22:04 Gold Mining
22:05 Stone Mining
22:40 Guilds
22:25 Treadmill Crane
23:30 Gold Shaft Mining
26:04 Imperial Age
24:22 Scale Barding Armor
24:27 Forging
24:32 Cavalier
25:13 Husbandry
25:36 Chain Barding Armor
26:43 Iron Casting
27:19 Ballistics
26:36 Paladin
28:47 Plate Barding Armor
29:13 Conscription
30:00 Blast Furnace
30:23 Chemistry
30:21 Burgundian Vineyards
35:39 Fletching
35:49 Padded Archer Armor
37:23 Leather Archer Armor
36:58 Fletching
38:00 Light Cavalry
40:54 Masonry
40:55 Fortified Wall
41:12 Bodkin Arrow
41:35 Hussar
43:03 Architecture
45:42 Elite Skirmisher
46:19 Bodkin Arrow
48:04 Bracer
Hekyro🖤.-
2:45 Loom
8:30 Feudal Age
10:21 Wheelbarrow
13:20 Castle Age
24:33 Double-Bit Axe
24:34 Horse Collar
25:42 Fletching
29:57 Imperial Age
29:14 Treadmill Crane
31:33 Hand Cart
32:52 Conscription
32:39 Pikeman
34:10 Wagenburg Tactics
34:07 Halberdier
35:03 Forging
34:54 Scale Mail Armor
36:32 Squires
37:40 Fortified Wall
39:30 Sanctity
39:21 Fervor
43:44 Chemistry
46:39 Elite Skirmisher
MAND_Dã quỳ
9:35 Feudal Age
10:14 Double-Bit Axe
14:00 Castle Age
11:59 Gold Mining
13:33 Horse Collar
17:14 Gold Shaft Mining
17:30 Bow Saw
18:37 Heavy Plow
21:10 Imperial Age
19:48 Padded Archer Armor
23:33 Two-Man Saw
29:40 Leather Archer Armor
31:22 Stone Mining
36:26 Ring Archer Armor
36:06 Forging
39:26 Scale Barding Armor
44:01 Fletching
44:34 Chain Barding Armor
50:41 Fortified Wall
50:27 Murder Holes
50:43 Masonry
精锐南林林林
8:34 Feudal Age
12:11 Castle Age
10:36 Double-Bit Axe
11:00 Horse Collar
11:42 Gold Mining
13:13 Bow Saw
14:19 Heavy Plow
14:27 Heavy Plow
19:59 Redemption
21:47 Town Watch
22:38 Wheelbarrow
24:58 Gold Shaft Mining
26:21 Stone Mining
30:11 Imperial Age
27:46 Scale Mail Armor
27:57 Forging
28:43 Hand Cart
28:13 Loom
29:07 Chain Mail Armor
28:14 Pikeman
29:58 Halberdier
30:57 Squires
31:41 Conscription
32:44 Plate Mail Armor
33:16 Town Patrol
33:44 Man-at-Arms
34:09 Gambesons
34:09 Arson
34:44 Fereters
34:23 Long Swordsman
35:14 Two-Handed Swordsman
36:34 Champion
38:47 Fletching
39:35 Iron Casting
39:26 Padded Archer Armor
40:07 Elite Composite Bowman
40:43 Bodkin Arrow
41:44 Leather Archer Armor
44:32 Bracer
45:33 Blast Furnace
44:37 Bracer
45:07 Ring Archer Armor
51:46 Ballistics
52:26 Chemistry
52:47 Masonry
52:28 Heated Shot
52:48 Fortified Wall
52:33 Murder Holes
52:29 Guard Tower
52:44 Siphons
52:50 Clinker Construction
52:50 Careening
52:48 Scale Barding Armor
52:48 Cilician Fleet
53:19 Hoardings
52:16 Sappers
8316699
2:31 Double-Bit Axe
8:36 Feudal Age
7:35 Horse Collar
12:09 Castle Age
11:35 Bow Saw
11:26 Heavy Plow
19:00 Wheelbarrow
18:33 Gold Mining
22:05 Two-Man Saw
23:33 Gold Mining
23:34 Stone Mining
26:25 Imperial Age
24:14 Hand Cart
23:46 Loom
25:10 Gold Shaft Mining
25:11 Stone Shaft Mining
25:08 Husbandry
24:28 Cavalier
25:37 Scale Barding Armor
25:43 Forging
26:05 Crop Rotation
25:59 Treadmill Crane
26:40 Guilds
27:34 Chain Barding Armor
27:49 Iron Casting
26:52 Paladin
29:20 Plate Barding Armor
30:03 Conscription
29:49 Burgundian Vineyards
31:24 Pikeman
32:05 Squires
32:43 Halberdier
35:06 Scale Mail Armor
36:06 Blast Furnace
35:09 Scale Mail Armor
35:05 Elite Coustillier
36:20 Hoardings
37:11 Hoardings
42:15 Fortified Wall
43:05 Chemistry
42:17 Masonry
42:27 Ballistics
Sonhero1
1:03 Loom
8:00 Feudal Age
14:28 Castle Age
13:13 Double-Bit Axe
13:26 Gold Mining
13:50 Horse Collar
15:55 Bow Saw
18:43 Stone Mining
20:21 Wheelbarrow
20:46 Heavy Plow
23:03 Hand Cart
24:37 Forging
24:27 Scale Mail Armor
25:16 Town Watch
26:23 Fletching
26:33 Padded Archer Armor
26:55 Ballistics
28:09 Bodkin Arrow
28:29 Leather Archer Armor
28:36 Squires
28:50 Elite Skirmisher
29:36 Thumb Ring
28:56 Pikeman
34:38 Imperial Age
33:55 Iron Casting
33:35 Chain Mail Armor
34:13 Treadmill Crane
34:38 Caravan
35:36 Bracer
36:06 Ring Archer Armor
36:45 Chemistry
35:16 Elite Skirmisher
36:03 Thumb Ring
36:08 Imperial Skirmisher
38:27 Two-Man Saw
38:33 Paper Money
38:46 Halberdier
41:46 Ring Archer Armor
41:47 Plate Mail Armor
41:23 Scale Barding Armor
50:39 Guilds
53:22 Stone Shaft Mining
精銳萌古騎豬突猛進
8:16 Feudal Age
9:21 Loom
12:20 Castle Age
10:45 Double-Bit Axe
10:42 Horse Collar
12:16 Stone Mining
17:51 Heavy Plow
18:04 Bow Saw
17:49 Gold Mining
22:03 Redemption
23:14 Scale Mail Armor
27:58 Imperial Age
25:16 Town Watch
26:26 Chain Mail Armor
29:04 Block Printing
29:22 Illumination
28:49 Elite Skirmisher
29:34 Thumb Ring
30:32 Ballistics
31:13 Chemistry
30:43 Sanctity
31:10 Squires
34:08 Gold Shaft Mining
34:43 Wheelbarrow
34:08 Town Patrol
34:44 Wheelbarrow
34:09 Town Patrol
34:44 Wheelbarrow
34:38 Fletching
35:22 Bodkin Arrow
37:04 Forging
48:48 Imperial Skirmisher
Connection lost

Rejoining the realm…

Still unreachable

The connection could not be restored.

Session expired

The server has moved on; the page needs a fresh start.